 Dungeon Crawl Stone Soup version 0.32-a0-40-g2adb59ae06 (webtiles) character file.

Game seed: 12492854178638595436

49 pokeman the Magician (level 3, -3/20 HPs)
             Began as a Deep Elf Hedge Wizard on Jan 24, 2024.
             Slain by Natasha (5 damage)
             ... on level 1 of the Dungeon.
             The game lasted 00:02:33 (1454 turns).

pokeman the Magician (Deep Elf Hedge Wizard)        Turns: 1454, Time: 00:02:33

Health: -3/20      AC:  2    Str:  7    XL:     3   Next: 51%
Magic:  1/11       EV: 12    Int: 20    God:
Gold:   59         SH:  0    Dex: 14    Spells: 4/12 levels left

rFire   . . .        a - +0 dagger
rCold   . . .        (no shield)
rNeg    . . .        b - +0 robe
rPois   .            c - +0 hat
rElec   .            (no cloak)
rCorr   .            (no gloves)
SInv    .            (no boots)
Will    .....        (no amulet)
Stlth   +            q - ring of flight
HPRegen 0.23/turn    (no ring)
MPRegen 0.12/turn

%: no passive effects
@: confused, flying, slowed, very slow
A: no striking features
a: no special abilities


You were on level 1 of the Dungeon.
You visited 1 branch of the dungeon, and saw 2 of its levels.

You collected 59 gold pieces.

Inventory:

Hand Weapons
 a - a +0 dagger (weapon)
Armour
 b - a +0 robe (worn)
 c - a +0 hat (worn)
Jewellery
 q - a ring of flight (left hand)
Scrolls
 f - a scroll of revelation {unknown}
 g - a scroll of vulnerability {unknown}
 i - a scroll of blinking {unknown}
 k - a scroll of poison {unknown}
 l - a scroll of enchant armour {unknown}
 m - a scroll of identify {unknown}
 n - a scroll of immolation {unknown}
 o - a scroll of acquirement {unknown}
 p - a scroll of fog {unknown}
Potions
 d - a potion of magic
 e - 2 potions of lignification {unknown}
 h - a potion of brilliance {unknown}
 j - 2 potions of attraction {unknown}
 r - a potion of curing {unknown}


   Skills:
 + Level 0.9 Fighting
 - Level 1.0 Armour
 + Level 2.4 Dodging
 - Level 2.4 Stealth
 * Level 5.2 Spellcasting
 + Level 2.0 Conjurations
 - Level 1.1 Summonings
 - Level 1.1 Translocations


You had 4 spell levels left.
You knew the following spells:

 Your Spells              Type           Power      Damage    Failure   Level
a - Magic Dart            Conj           52%        1d5       4%          1
b - Mephitic Cloud        Conj/Alch/Air  7%         N/A       26%         3
c - Call Imp              Summ           18%        N/A       11%         2
d - Blink                 Tloc           18%        N/A       11%         2

Your spell library contained the following spells:

 Spells                   Type           Power      Damage    Failure   Level
 Slow                     Hex            20%        N/A       12%         1
 Cigotuvi's Dreadful Rot  Necr/Alch/Air  10%        N/A       17%         2


Dungeon Overview and Level Annotations

Branches:
Dungeon (2/15)

Altars:

Annotations:
D:1 Natasha


Message History

The ribbon worm expels a string of sticky webbing.
The stream of webbing misses you.
Natasha, Servant of Life and Death comes into view.
Natasha hisses angrily.
Natasha closely misses you.
Natasha mumbles some strange words.
Natasha casts a spell.
Natasha casts a spell at you.
You feel yourself slow down.
The cerulean imp hits you from afar with a +1 spear.
There is a stone staircase leading up, spattered with blood here.
Natasha claws you.
The cerulean imp hits you from afar with a +2 spear.
The cerulean imp hits you from afar with a +1 spear.
Natasha claws you but does no damage. The cerulean imp closely misses you.
The cerulean imp hits you from afar with a +1 spear.
* * * LOW HITPOINT WARNING * * *
You fly upwards.
The cerulean imp disappears in a puff of smoke! x2
There is a stone staircase leading down here.
Unknown command.
Unknown command.
Casting: Mephitic Cloud (extremely dangerous; 26% risk of failure)
Confirm with . or Enter, or press ? or * to list all spells.
Aiming: Mephitic Cloud (extremely dangerous; 26% risk of failure)
Press: ? - help, Shift-Dir - straight line, f - Natasha
Aim: Natasha (chance to affect: 86%)
The ball explodes into a vile cloud!
The stinking cloud engulfs Natasha.
The stinking cloud engulfs you.
You are engulfed in noxious fumes.
You choke on the stench!
You are confused.
Natasha is engulfed in noxious fumes.
Natasha appears confused.
Natasha claws you.
* * * LOW HITPOINT WARNING * * *
Unknown command.
You bump into the rock wall.
You are engulfed in noxious fumes.
You choke on the stench!
You are more confused.
Natasha claws you.
You die...

#.......#####.......# ........#
#.#.###.# ######### #.#..##.#
...# #.##.##.# ##.#######
#.......# ##.......# ####.####
##.......# #☼# ##.......#
####☼# ....>....# #..h@#
###......# #.#### #......# #)#
###.#.##.# #.# .........# #.#
##..####.# #.# ##..####.####.#
..............# #####
##.#####.#################...##


You could see Natasha (confused).

Vanquished Creatures
  Natasha (D:2)
  A dart slug (D:1)
  An endoplasm (D:1)
  3 giant cockroaches
  A hobgoblin (D:2)
  A quokka (D:1)
  2 ball pythons (D:2)
  4 bats (D:1)
  3 goblins (D:1)
  3 kobolds (D:1)
  4 rats
24 creatures vanquished.

Notes
Turn   | Place    | Note
-------+----------+-------------------------------------------
     0 | D:1      | pokeman the Deep Elf Hedge Wizard began the quest for the
                  | Orb.
     0 | D:1      | Reached XP level 1. HP: 10/10 MP: 7/7
   376 | D:1      | Reached XP level 2. HP: 15/15 MP: 1/9
  1149 | D:2      | Noticed Natasha
  1156 | D:2      | Killed Natasha
  1157 | D:2      | Reached skill level 5 in Spellcasting
  1157 | D:2      | Reached XP level 3. HP: 11/20 MP: 2/11
  1161 | D:2      | Learned a level 3 spell: Mephitic Cloud
  1164 | D:2      | Learned a level 2 spell: Call Imp
  1167 | D:2      | Learned a level 2 spell: Blink
  1388 | D:2      | Reached skill level 1 in Armour
  1437 | D:2      | Noticed Natasha
  1454 | D:1      | Slain by Natasha

Illustrated notes

Levels and vault maps discovered:
D:1:      roderic_crop_circles_arrival_small, layout_loops_cross
D:2:      layout_loops_ring, basic_altar,
          hellmonk_ecumenical_altar_inner_sanctum, skrybe_limestone_x,
          minmay_quadrilaterals, uniq_natasha, uniq_sigmund

Skill      XL: |  1  2  3 |
---------------+----------+-----
Spellcasting   | 5 |  5.2
Armour         | 1 |  1.0
Conjurations   | 2 |  2.0
Fighting       | |  0.9
Dodging        | |  2.4
Stealth        | |  2.4
Summonings     | |  1.1
Translocations | |  1.1

Action                     || total
---------------------------++-------
  Melee: Dagger            ||    26
   Cast: Magic Dart        ||    60
         Mephitic Cloud    ||     1
         Call Imp          ||     1
   Stab: Sleeping          ||     1
 Armour: Robe              ||    26
  Dodge: Dodged            ||    37

Table legend: (Time is in decaauts)
 A = Elapsed time spent in this place.
 B = Non-inter-level travel time spent in this place.
 C = Inter-level travel time spent in this place.
 D = Time resting spent in this place.
 E = Time spent auto-exploring this place.
 F = Levels seen in this place.
 G = Mean time per level.
                   A        B        C        D        E       F      G
               +--------+--------+--------+--------+--------+-----+--------+
         Total |   1456 |   1427 |     29 |      0 |   1140 |   2 |  728.0 |
       Dungeon |   1456 |   1427 |     29 |      0 |   1140 |   2 |  728.0 |
               +--------+--------+--------+--------+--------+-----+--------+

Top non-repeatable levels by time:
     D:1: 1080 daAuts
     D:2: 376 daAuts
